 Dungeon Crawl Stone Soup version 0.19.0-16-g73b5abf (webtiles) character file.

59712 Naow the Severer (level 14, -34/135 HPs)
             Began as a Minotaur Berserker on Nov 9, 2016.
             Was the Champion of Trog.
             Killed from afar by a fire dragon (66 damage)
             ... with a blast of flame
             ... on level 6 of the Lair of Beasts on Nov 11, 2016.
             The game lasted 00:58:34 (14770 turns).

Naow the Severer (Minotaur Berserker)              Turns: 14770, Time: 00:58:40

Health: -34/135    AC: 24    Str: 27    XL:     14   Next: 54%
Magic:  13/13      EV: 12    Int:  5    God:    Trog [******]
Gold:   1903       SH:  0    Dex:  9    Spells: 0 memorised, 13 levels left

rFire  x . .     SeeInvis +     h - +4 executioner's axe (flame)
rCold  + . .     Gourm    .     M - +1 plate armour
rNeg   . . .     Faith    .     (shield currently unavailable)
rPois  +         Spirit   .     (helmet unavailable)
rElec  +         Reflect  .     R - +2 cloak
rCorr  .         Harm     .     (no gloves)
MR     ++...                    G - +0 pair of boots
Stlth  ..........               t - amulet of regeneration
                                L - ring of Ehoraod {Ice +Fly rPois Dex-2}
                                k - ring of protection from magic

@: liquid flames, glowing
A: retaliatory headbutt, horns 3, iridescent scales 1, see invisible,
electricity resistance, strong 1, evolution 2
a: Berserk, Trog's Hand, Brothers in Arms, Burn Spellbooks, Renounce Religion,
Evoke Flight


You were on level 6 of the Lair of Beasts.
You worshipped Trog.
Trog was exalted by your worship.
You were not hungry.

You visited 2 branches of the dungeon, and saw 18 of its levels.
You also visited: Ice Cave.

You collected 1978 gold pieces.
You spent 75 gold pieces at shops.

Inventory:

Hand Weapons
 h - a +4 executioner's axe of flaming (weapon)
Armour
 G - a +0 pair of boots (worn)
 M - a +1 plate armour (worn)
 R - a +2 cloak (worn)
Jewellery
 a - an uncursed amulet of the gourmand
 k - a ring of protection from magic (left hand)
 t - an amulet of regeneration (around neck)
 A - an uncursed ring of stealth
 H - an uncursed ring of protection from fire
 J - a +2 amulet of reflection
 L - the ring of Ehoraod (right hand) {Ice +Fly rPois Dex-2}
   (You found it in an ice cave)

   [ring of ice]

   It enhances your ice magic.
   It affects your dexterity (-2).
   It makes you vulnerable to fire.
   It protects you from cold.
   It protects you from poison.
   It lets you fly.
 N - an uncursed ring of resist corrosion
 S - an uncursed ring of flight
 W - an uncursed ring of protection from fire
Wands
 b - a wand of disintegration (16/24)
 i - a wand of acid (1/15)
 n - a wand of heal wounds (4/9)
 u - a wand of digging (14/24)
 y - a wand of heal wounds (3/9)
 F - a wand of heal wounds (6/9)
 Q - a wand of digging (9/24)
Scrolls
 j - 9 scrolls of remove curse
 m - 3 scrolls of teleportation
 o - 2 scrolls of blinking
 p - 5 scrolls of immolation
 q - 7 scrolls of identify
 w - a scroll of enchant weapon
 x - 2 scrolls of noise
 z - a scroll of magic mapping
 X - a scroll of recharging
Potions
 d - a potion of haste
 e - a potion of resistance
 r - 3 potions of agility
 s - 4 potions of lignification
 v - 2 potions of heal wounds
 B - 8 potions of curing
 C - 3 potions of might
 E - a potion of magic
 I - a potion of beneficial mutation
 P - a potion of invisibility
 Y - a potion of berserk rage
Books
 l - a book of Ice

   Spells                             Type                      Level
   a - Ice Form                       Ice/Transmutation            4
   b - Metabolic Englaciation         Hexes/Ice                    5
   c - Ozocubu's Refrigeration        Ice                          6
   d - Bolt of Cold                   Conjuration/Ice              6
   e - Freezing Cloud                 Conjuration/Ice/Air          6
   f - Simulacrum                     Ice/Necromancy               6
   Trog disapproves of the use of such an item.
 O - a book of Debilitation

   Spells                             Type                      Level
   a - Corona                         Hexes                        1
   b - Slow                           Hexes                        2
   c - Gell's Gravitas                Hexes/Translocation          3
   d - Inner Flame                    Hexes/Fire                   3
   e - Cause Fear                     Hexes                        4
   f - Leda's Liquefaction            Hexes/Earth                  4
   Trog disapproves of the use of such an item.
 U - a book of Cantrips

   Spells                             Type                      Level
   a - Confusing Touch                Hexes                        1
   b - Animate Skeleton               Necromancy                   1
   c - Summon Small Mammal            Summoning                    1
   d - Apportation                    Translocation                1
   Trog disapproves of the use of such an item.
 V - a book of Necromancy

   Spells                             Type                      Level
   a - Pain                           Necromancy                   1
   b - Animate Skeleton               Necromancy                   1
   c - Vampiric Draining              Necromancy                   3
   d - Regeneration                   Charms/Necromancy            3
   e - Animate Dead                   Necromancy                   4
   f - Control Undead                 Necromancy                   4
   Trog disapproves of the use of such an item.
 Z - a book of Geomancy

   Spells                             Type                      Level
   a - Sandblast                      Earth                        1
   b - Passwall                       Transmutation/Earth          2
   c - Stone Arrow                    Conjuration/Earth            3
   d - Petrify                        Transmutation/Earth          4
   e - Lee's Rapid Deconstruction     Earth                        5
   Trog disapproves of the use of such an item.
Comestibles
 c - 10 bread rations
 f - 2 beef jerkies
 g - 8 meat rations
 D - 16 fruits
 K - 2 slices of pizza
 T - 9 chunks of flesh


   Skills:
 * Level 15.4 Fighting
 + Level 19.2 Axes
 + Level 13.4 Armour
 - Level 10.0 Dodging


You had 13 spell levels left.
You didn't know any spells.

Dungeon Overview and Level Annotations

Branches:
Dungeon (14/15)              Lair (6/6) D:11          Swamp (0/4) Lair:3
 Spider (0/4) Lair:2        Slime (0/5) Lair:5          Orc (0/2) D:10
 Temple: D:4-7       Vaults: D:13-14

Altars:
Dithmenos
Gozag
Okawaru
Qazlal
Sif Muna
Jiyva

Shops:
D:12 =?   D:13 [

Annotations:
D:5 1 runed door


Innate Abilities, Weirdness & Mutations

You reflexively headbutt those who attack you in melee.
You have a pair of large horns on your head.
You are partially covered in iridescent scales. (AC +2)
You have supernaturally acute eyesight. (SInv)
You are resistant to electric shocks. (rElec)
Your muscles are strong. (Str +2)
You rapidly evolve.


Message History

* * * LOW HITPOINT WARNING * * *
The steam dragon claws you but does no damage.
You feel much better.
You are covered in liquid flames!
The fire dragon bites you!
* * * LOW HITPOINT WARNING * * *
The fire dragon claws you but does no damage.
The fire dragon tramples you but does no damage.
The steam dragon barely misses you.
The steam dragon claws you but does no damage.
The steam dragon closely misses you.
The steam dragon claws you but does no damage.
You closely miss the steam dragon.
The steam dragon is almost dead.
You slash the fire dragon! You completely miss the steam dragon.
You are covered in liquid flames!
* * * LOW HITPOINT WARNING * * *
The fire dragon breathes flames at you. The blast of flame hits you!
The fire burns you terribly!
You die...

### ..# ♣♣♣♣♣♣
..# ♣♣♣≈≈..♣♣ .##
♣.P≈≈≈..♣♣ ..#
♣♣.≈≈≈≈≈P.♣♣ ..#
♣♣♣..≈≈♣D≈...♣
P.#
♣♣..P≈≈♣@D≈≈≈.♣
..#
♣♣..≈≈≈♣♣♣D≈≈≈≈..
..# ♣..≈≈≈♣♣
l.≈≈≈≈. #.#
♣♣..≈≈♣♣ ..≈≈.♣♣
(## ♣♣.♣..≈♣
.≈≈≈≈.♣ ..#
♣...P≈≈♣♣ .≈≈≈≈.♣
.(# ♣P..♣≈..♣♣
..≈≈≈≈. ..#
♣♣.♣♣≈≈≈≈.♣
♣P≈≈≈≈≈ ..#
♣P.♣≈≈♣♣≈≈P♣


You could see a fire dragon, 2 steam dragons and an iguana.

Vanquished Creatures
  Rupert (Lair:4)
  Josephine (D:11)
  Erolcha (D:12)
  4 hydras
  Erica (D:11)
  2 ice dragons (IceCv)
  6 death yaks (Lair:5)
  2 unseen horrors
  Pikel (D:5)
  4 hill giants
  A deep elf mage (D:11)
  3 wolf spiders
  A manticore (D:12)
  2 ugly things
  10 elephants
  A guardian serpent (Lair:6)
  2 ice statues (IceCv)
  5 black mambas
  Maurice (D:9)
  Psyche (D:9)
  A torpor snail (Lair:6)
  7 komodo dragons
  16 spiny frogs
  3 kobold demonologists
  6 rime drakes
  2 trolls
  A tyrant leech (Lair:3)
  A jumping spider (Lair:2)
  Grinder (D:3)
  6 hornets
  Prince Ribbit (D:5)
  8 hippogriffs
  7 dream sheep (Lair:5)
  Sigmund (D:3)
  A redback (Lair:6)
  A spriggan (D:9)
  2 vampires
  5 wraiths
  40 yaks
  10 wyverns
  2 basilisks
  4 steam dragons
  3 hungry ghosts
  Menkaure (D:5)
  A mottled dragon (Lair:6)
  16 water moccasins
  6 porcupines
  2 slaves (D:5)
  A swamp drake (Lair:6)
  17 ice beasts
  A hornet zombie (D:9)
  5 orc warriors
  2 black bears
  A necrophage (D:9)
  4 sky beasts
  3 ogres
  An eye of draining (D:12)
  7 centaurs
  12 crocodiles
  2 big kobolds (D:10)
  14 bullfrogs
  A wyvern skeleton (D:11)
  A water moccasin zombie (D:8)
  2 scorpions
  16 killer bees
  3 electric eels
  5 howler monkeys
  A bullfrog zombie (D:12)
  3 crimson imps
  2 centaur zombies
  2 hounds
  3 orc priests
  2 jellies
  6 orc wizards
  A bullfrog skeleton (D:11)
  2 iguanas
  Ijyb (D:2)
  13 hell rats (Lair:2)
  10 worker ants
  2 hound zombies
  A hound skeleton (D:4)
  A worker ant zombie (D:8)
  Robin (D:2)
  2 howler monkey zombies
  12 adders
  17 river rats
  3 shadow imps
  An ooze (D:3)
  An adder zombie (D:9)
  A worm (D:2)
  4 dart slugs
  4 leopard geckos
  31 orcs
  20 bats
  6 giant cockroaches
  9 hobgoblins
  13 jackals
  7 quokkas
  A ball python (D:2)
  7 frilled lizards
  21 goblins
  A jackal skeleton (D:4)
  9 kobolds
  26 rats
  6 fungi
  14 plants
570 creatures vanquished.

Vanquished Creatures (others)
  A mottled dragon (Lair:6)
  10 fungi
  11 plants
22 creatures vanquished.

Grand Total: 592 creatures vanquished

Notes
Turn   | Place    | Note
-------+----------+-------------------------------------------
     0 | D:1      | Naow the Minotaur Berserker began the quest for the Orb.
     0 | D:1      | Reached XP level 1. HP: 19/19 MP: 0/0
    63 | D:1      | Reached skill level 4 in Axes
    81 | D:1      | Reached XP level 2. HP: 20/26 MP: 1/1
   395 | D:1      | Reached skill level 5 in Axes
   400 | D:1      | Reached ** piety under Trog
   400 | D:1      | Reached XP level 3. HP: 27/31 MP: 2/2
   656 | D:2      | Noticed Robin
   671 | D:2      | Killed Robin
   689 | D:2      | Reached XP level 4. HP: 6/39 MP: 3/3
  1001 | D:2      | Noticed Ijyb
  1008 | D:2      | Killed Ijyb
  1008 | D:2      | Reached skill level 6 in Axes
  1151 | D:2      | Reached XP level 5. HP: 29/45 MP: 4/4
  1329 | D:2      | Reached skill level 7 in Axes
  1550 | D:2      | Reached *** piety under Trog
  1690 | D:3      | Noticed Sigmund
  1695 | D:3      | Killed Sigmund
  1695 | D:3      | Reached skill level 8 in Axes
  1695 | D:3      | Reached XP level 6. HP: 51/51 MP: 5/5
  1717 | D:3      | Gained mutation: You have a pair of large horns on your head. [potion of mutation]
  1717 | D:3      | Gained mutation: You are partially covered in iridescent scales. (AC +2) [potion of mutation]
  1717 | D:3      | Gained mutation: You evolve. [potion of mutation]
  1982 | D:3      | Noticed Grinder
  1989 | D:3      | Killed Grinder
  1989 | D:3      | Reached skill level 9 in Axes
  1989 | D:3      | Reached XP level 7. HP: 49/57 MP: 6/6
  2038 | D:3      | Reached skill level 10 in Axes
  2489 | D:4      | Found a shadowy altar of Dithmenos.
  2639 | D:5      | Entered Level 5 of the Dungeon
  2788 | D:5      | Noticed Menkaure
  2791 | D:5      | Reached skill level 11 in Axes
  2795 | D:5      | Killed Menkaure
  2795 | D:5      | Reached XP level 8. HP: 64/64 MP: 7/7
  2890 | D:5      | Noticed Pikel
  2904 | D:5      | Killed Pikel
  2904 | D:5      | Reached skill level 13 in Axes
  3058 | D:5      | Found a runed door.
  3216 | D:5      | Noticed Prince Ribbit
  3228 | D:5      | Killed Prince Ribbit
  3253 | D:5      | You fall through a shaft for 3 floors!
  3255 | D:8      | Reached **** piety under Trog
  3255 | D:8      | Reached XP level 9. HP: 60/70 MP: 8/8
  3364 | D:8      | Reached skill level 14 in Axes
  3462 | D:8      | Paralysed by a hornet for 2 turns
  3464 | D:8      | Upgraded the game from 0.19.0-11-g3fc08b3 to 0.19.0-16-g73b5abf
  3466 | D:8      | Reached skill level 15 in Axes
  4513 | D:9      | Noticed Psyche
  4519 | D:9      | Killed Psyche
  4519 | D:9      | Reached XP level 10. HP: 79/80 MP: 9/9
  4535 | D:9      | Reached skill level 5 in Fighting
  4585 | D:9      | Found a stormy altar of Qazlal.
  4598 | D:9      | Noticed Maurice
  4620 | D:9      | Killed Maurice
  4677 | D:9      | Reached skill level 16 in Axes
  4681 | D:9      | Reached skill level 5 in Armour
  4750 | D:9      | Found an iron altar of Okawaru.
  4751 | D:9      | Found an opulent altar of Gozag.
  4754 | D:9      | Found a deep blue altar of Sif Muna.
  4824 | D:9      | Reached skill level 5 in Dodging
  5634 | D:10     | Entered Level 10 of the Dungeon
  5634 | D:10     | Noticed a hill giant
  5642 | D:10     | Killed a hill giant
  6104 | D:10     | Reached XP level 11. HP: 75/92 MP: 10/10
  6193 | D:10     | Found a staircase to the Orcish Mines.
  6225 | D:10     | Noticed a hill giant
  6234 | D:10     | Killed a hill giant
  6442 | D:10     | Reached ***** piety under Trog
  6930 | D:11     | Noticed Josephine
  6947 | D:11     | Killed Josephine
  6957 | D:11     | Noticed a hill giant
  6965 | D:11     | Killed a hill giant
  7228 | D:11     | Noticed a red ugly thing
  7235 | D:11     | Noticed Erica
  7242 | D:11     | Killed a red ugly thing
  7245 | D:11     | Killed Erica
  7245 | D:11     | Received a gift from Trog
  7405 | D:11     | Noticed a hill giant
  7413 | D:11     | Killed a hill giant
  7413 | D:11     | Reached skill level 17 in Axes
  7482 | D:11     | Gained mutation: You rapidly evolve. [evolution]
  7619 | D:11     | Found a staircase to the Lair.
  7629 | D:11     | Noticed a deep elf mage
  7637 | D:11     | Killed a deep elf mage
  7735 | D:11     | Paralysed by a hornet for 2 turns
  7936 | D:12     | Found Uhau's Magic Scroll Boutique.
  7954 | D:12     | Bought a scroll of enchant weapon for 75 gold pieces
  7974 | D:12     | Reached XP level 12. HP: 100/105 MP: 6/11
  8121 | D:12     | Found Rivorph's Jewellery Shoppe.
  8165 | D:12     | Noticed Erolcha
  8172 | D:12     | Killed Erolcha
  8501 | D:13     | Received a gift from Trog
  8564 | D:13     | Found Deducef's Armour Boutique.
  8643 | D:13     | Reached skill level 10 in Fighting
  9053 | Lair:1   | Entered Level 1 of the Lair of Beasts
  9104 | Lair:1   | Reached skill level 10 in Armour
 10220 | Lair:2   | Found a hole to the Spider Nest.
 10820 | Lair:3   | Found a staircase to the Swamp.
 10969 | Lair:3   | Gained mutation: You are resistant to electric shocks. (rElec) [evolution]
 11304 | Lair:3   | Reached skill level 18 in Axes
 11608 | Lair:3   | Noticed a seven-headed hydra
 11616 | Lair:3   | Killed a three-headed hydra
 11616 | Lair:3   | Reached skill level 10 in Dodging
 11616 | Lair:3   | Reached XP level 13. HP: 70/116 MP: 12/12
 11880 | Lair:4   | Noticed Rupert
 11890 | Lair:4   | Killed Rupert
 12135 | Lair:4   | Received a gift from Trog
 12301 | Lair:4   | Reached ****** piety under Trog
 12668 | Lair:5   | Gained mutation: You have supernaturally acute eyesight. (SInv) [evolution]
 12714 | Lair:5   | Found a frozen archway.
 12727 | IceCv    | Entered an ice cave
 12994 | IceCv    | Got a warped brass ring
 13046 | IceCv    | Identified the ring of Ehoraod {Ice +Fly rPois Dex-2} (You found it in an ice cave)
 13294 | Lair:5   | Found a staircase to the Slime Pits.
 13294 | Lair:5   | Found a viscous altar of Jiyva.
 13890 | Lair:6   | Entered Level 6 of the Lair of Beasts
 13978 | Lair:6   | Received a gift from Trog
 13979 | Lair:6   | Reached XP level 14. HP: 127/132 MP: 13/13
 14306 | Lair:6   | Reached skill level 19 in Axes
 14321 | Lair:6   | Gained mutation: Your muscles are strong. (Str +2) [evolution]
 14408 | Lair:6   | Reached skill level 15 in Fighting
 14763 | Lair:6   | Received a gift from Trog
 14766 | Lair:6   | HP: 2/135 [fire dragon/blast of flame (61)]
 14770 | Lair:6   | Killed from afar by a fire dragon

Skill      XL: |  1  2  3  4  5  6  7  8  9 10 11 12 13 14 |
---------------+-------------------------------------------+-----
Axes           | 4 5 6 8 9 11 13 15 16 17 18 19 | 19.2
Armour         | 3 6 9 11 12 13 | 13.4
Fighting       | 4 7 9 11 14 15 | 15.4
Dodging        | 3 6 8 10 | 10.0

Action                   |  1- 3 |  4- 6 |  7- 9 | 10-12 | 13-15 || total
-------------------------+-------+-------+-------+-------+-------++-------
Melee: Hand axe          |    70 |    82 |   140 |       |       ||   292
       Headbutt          |    10 |    10 |    29 |   130 |    60 ||   239
       Battleaxe         |       |       |    73 |   462 |       ||   535
       Executioner's axe |       |       |       |   174 |   308 ||   482
Invok: Berserk           |     1 |     2 |     4 |    10 |     4 ||    21
       Trog's Hand       |       |     2 |     3 |     3 |     1 ||     9
       Burn Spellbooks   |       |       |       |     1 |       ||     1
Evoke: Wand              |       |       |       |       |     1 ||     1
  Use: Potion            |       |     3 |       |       |     2 ||     5
       Scroll            |       |       |       |    30 |     6 ||    36
 Stab: Sleeping          |       |       |     2 |       |       ||     2
  Eat: Chunk             |       |     7 |    12 |    32 |    15 ||    66
       Fruit             |       |       |     1 |     1 |       ||     2
       Bread ration      |       |       |       |     1 |       ||     1
Armor: Animal skin       |    10 |     7 |       |       |       ||    17
       Ring mail         |       |     1 |    46 |       |       ||    47
       Plate armour      |       |       |    45 |   399 |   271 ||   715
Dodge: Dodged            |    51 |    37 |    83 |   290 |   210 ||   671
